 Dungeon Crawl Stone Soup version 0.30-a0-782-ge64f9170bb (webtiles) character file.

Game seed: 11630378531135869878

3103 mopl the Tainter (level 10, -5/72 HPs)
             Began as a Formicid Venom Mage on Mar 14, 2023.
             Was a Believer of Cheibriados.
             Slain by an orc warrior
             ... wielding a +2 halberd of venom
              (12 damage)
             ... on level 8 of the Dungeon.
             The game lasted 00:12:41 (6674 turns).

mopl the Tainter (Formicid Venom Mage)              Turns: 6674, Time: 00:12:42

Health: -5/72      AC: 13    Str: 17    XL:     10   Next: 13%
Magic:  6/14       EV: 12    Int: 23    God:    Cheibriados [**....]
Gold:   136        SH:  6    Dex: 18    Spells: 10/15 levels left

rFire   . . .      SeeInvis +    a - +0 war axe
rCold   + . .      Faith    .    m - +0 buckler
rNeg    . . .      Spirit   .    q - +0 swamp dragon scales
rPois   +          Reflect  .    (helmet unavailable)
rElec   .          Harm     .    r - +0 cloak
rCorr   .          Rampage  .    (no gloves)
Will    +....                    (no boots)
Stlth   ++                       (no amulet)
HPRegen 0.32/turn                Q - +4 ring of protection
MPRegen 0.14/turn                K - ring of protection from cold

@: lethally poisoned (-5 -> -27), very slow
A: permanent stasis, dig shafts and tunnels, antennae 3, four strong arms
a: Dig, Shaft Self, Renounce Religion, Bend Time


You were on level 8 of the Dungeon.
You worshipped Cheibriados.
Cheibriados was pleased with you.
You visited 1 branch of the dungeon, and saw 8 of its levels.
You also visited: Ossuary.

You collected 500 gold pieces.
You spent 364 gold pieces at shops.

Inventory:

Hand Weapons
 a - a +0 war axe (weapon)
 b - a +2 short sword of venom
 f - a +0 spear
 t - a +1 trident of flaming
 w - a +2 heavy glaive
Missiles
 k - 6 silver javelins
 s - 12 poisoned darts
 u - 7 boomerangs
 y - 3 atropa-tipped darts
 D - 5 javelins
Armour
 m - a +0 buckler (worn)
 q - +0 swamp dragon scales (worn)
 r - a +0 cloak (worn)
 F - a scarf of shadows
Jewellery
 x - a ring of flight
 K - a ring of protection from cold (right hand)
 Q - a +4 ring of protection (left hand)
Wands
 B - a wand of charming (3)
Scrolls
 c - a scroll of vulnerability {unknown}
 d - 10 scrolls of identify {unknown}
 g - a scroll of butterflies {unknown}
 h - 4 scrolls of teleportation {unknown}
 j - 5 scrolls of amnesia {unknown}
 n - 3 scrolls of enchant weapon {unknown}
 p - 2 scrolls of noise {unknown}
 v - 4 scrolls of fog {unknown}
 z - 4 scrolls of fear {unknown}
 A - a scroll of brand weapon {unknown}
 C - a scroll of enchant armour {unknown}
 H - a scroll of immolation {unknown}
 N - 2 scrolls of silence {unknown}
 P - a scroll of poison {unknown}
Potions
 e - 5 potions of curing
 i - 2 potions of brilliance {unknown}
 l - a potion of magic
 o - 2 potions of might {unknown}
 E - 2 potions of ambrosia {unknown}
 G - a potion of lignification {unknown}
 I - a potion of resistance {unknown}
 J - 2 potions of mutation {unknown}
 L - 2 potions of degeneration {unknown}
 M - a potion of haste {unknown}
 O - a potion of berserk rage {unknown}


   Skills:
 + Level 4.3 Fighting
 + Level 5.4 Axes
 + Level 3.9 Throwing
 + Level 4.2 Armour
 + Level 4.1 Dodging
 - Level 2.4 Stealth
 + Level 6.8 Shields
 - Level 3.0 Spellcasting
 - Level 1.1 Transmutations
 + Level 8.5 Poison Magic
 + Level 2.9 Invocations
 + Level 2.7 Evocations


You had 10 spell levels left.
You knew the following spells:

 Your Spells              Type           Power      Damage    Failure   Level
a - Sting                 Tmut/Pois      100%       1d8       3%          1
o - Olgreb's Toxic Radia  Pois           42%        N/A       7%          4

Your spell library contained the following spells:

 Spells                   Type           Power      Damage    Failure   Level
 Poisonous Vapours        Pois/Air       46%        N/A       6%          2
 Mephitic Cloud           Conj/Pois/Air  16%        N/A       22%         3
 Wereblood                Tmut           8%         N/A       24%         2
 Sublimation of Blood     Necr           3%         N/A       36%         2
 Summon Hydra             Summ           1%         N/A       100%        7


Dungeon Overview and Level Annotations

Branches:
Dungeon (8/15)             Temple (0/1) D:6         Ossuary (visited)
   Lair: D:8-11

Altars:
Cheibriados
Elyvilon
Hepliaklqana
Makhleb
Qazlal
Uskayaw
Wu Jian
Yredelemnul

Shops:
D:5 :   D:6 *   D:7 *

Annotations:
D:4 2 transporters


Innate Abilities, Weirdness & Mutations

You cannot be hasted, slowed, berserked, paralysed or teleported.
You can dig through walls and to a lower floor.
You have a pair of large antennae on your head. (SInv)
Your four strong arms can wield two-handed weapons with a shield.


Message History

You barely miss the orc warrior.
The orc warrior is severely wounded.
You feel sick. You block the orc warrior's attack.
You hit the orc warrior.
The orc warrior is severely wounded.
You feel sick.
The orc warrior hits you with a +2 halberd of venom!
You are too injured to fight recklessly!
You are too injured to fight recklessly!
You hit the orc warrior.
The orc warrior is severely wounded.
You feel sick.
The orc warrior hits you with a +2 halberd of venom!
You are more poisoned.
The orc warrior hits you with a +2 halberd of venom!
* * * LOW HITPOINT WARNING * * *
You are lethally poisoned!
Casting: Olgreb's Toxic Radiance (dangerous; 7% risk of failure)
Confirm with . or Enter, or press ? or * to list all spells.
Aiming: Sting (safe; 3% risk of failure)
Press: ? - help, Shift-Dir - straight line, f - orc warrior
Aim: an orc warrior, wielding a +2 halberd of venom and wearing a +0 chain mail (almost dead, poisoned, 75% to hit)
The sting hits the orc warrior but does no damage.
The orc warrior looks even sicker.
The orc warrior is almost dead.
* * * LOW HITPOINT WARNING * * *
You feel very sick.
The orc warrior hits you but does no damage.
Unknown command.
Casting: Sting (safe; 3% risk of failure)
Confirm with . or Enter, or press ? or * to list all spells.
Aiming: Sting (safe; 3% risk of failure)
Press: ? - help, Shift-Dir - straight line, f/p - orc warrior
Aim: an orc warrior, wielding a +2 halberd of venom and wearing a +0 chain mail (almost dead, very poisoned, 75% to hit)
The sting hits the orc warrior.
The orc warrior looks even sicker.
The orc warrior is almost dead.
* * * LOW HITPOINT WARNING * * *
You feel very sick.
The orc warrior hits you with a +2 halberd of venom!
You die...

............#
....####....#...
....'..#....##..
.>..#..#####....
....#..##..#....#####
....#..##..#........#
....#......#..).....#
....+......#........#
....##.###.#...o@)..#
.#####.###.######'###
#........).....#
#..............#
#..............#
#..............#
#..............#
################


You could see an orc warrior (very poisoned).

Vanquished Creatures
  Maggie (D:7)
  A wyvern (D:6)
  A water moccasin (D:6)
  2 ice beasts (D:7)
  5 black bears
  3 ogres
  2 phantoms
  6 scorpions
  4 bullfrogs
  3 necrophages
  3 water moccasin zombies (Ossuary)
  2 jellies
  2 hounds
  An orc priest (D:3)
  Ijyb (D:4)
  4 iguanas
  An orc wizard (D:4)
  4 mummies
  7 gnolls
  3 adders
  A shadow imp (D:6)
  3 adder zombies (Ossuary)
  2 worms (D:2)
  2 dart slugs
  24 orcs
  6 ball pythons
  2 bats
  6 endoplasms
  4 giant cockroaches
  3 gnoll zombies (Ossuary)
  7 goblins
  6 hobgoblins
  5 quokkas
  3 hobgoblin zombies (Ossuary)
  9 kobolds
  9 kobold zombies (Ossuary)
  4 orc zombies (Ossuary)
  4 rats
156 creatures vanquished.

Notes
Turn   | Place    | Note
-------+----------+-------------------------------------------
     0 | D:1      | mopl the Formicid Venom Mage began the quest for the Orb.
     0 | D:1      | Reached XP level 1. HP: 13/13 MP: 3/3
   326 | D:1      | Reached XP level 2. HP: 19/19 MP: 5/5
   333 | D:1      | Found a faded altar of an unknown god.
   758 | D:2      | Reached XP level 3. HP: 22/24 MP: 0/7
   789 | D:2      | Reached skill level 1 in Axes
   958 | D:2      | Reached skill level 3 in Spellcasting
   985 | D:2      | You fall into a shaft and drop 1 floor!
  1072 | D:3      | Reached skill level 1 in Shields
  1072 | D:3      | Reached XP level 4. HP: 16/28 MP: 4/8
  1078 | D:3      | Reached skill level 5 in Poison Magic
  1376 | D:3      | Reached skill level 2 in Shields
  1477 | D:3      | Learned a level 4 spell: Olgreb's Toxic Radiance
  1649 | D:3      | Reached XP level 5. HP: 26/35 MP: 9/9
  1723 | D:3      | Reached skill level 2 in Axes
  1998 | D:3      | Reached skill level 3 in Shields
  1998 | D:3      | Reached XP level 6. HP: 20/41 MP: 10/10
  2323 | D:4      | Reached skill level 6 in Poison Magic
  2436 | D:4      | Reached skill level 3 in Axes
  2551 | D:4      | Reached skill level 4 in Shields
  2861 | D:4      | Reached XP level 7. HP: 46/46 MP: 7/11
  2881 | D:4      | Found a transporter.
  2890 | D:4      | Found a transporter.
  2896 | D:4      | Found an ornate altar of the Wu Jian Council.
  2980 | D:4      | Noticed Ijyb
  2992 | D:4      | Killed Ijyb
  3070 | D:4      | Reached skill level 2 in Dodging
  3650 | D:5      | Entered Level 5 of the Dungeon
  3655 | D:5      | Reached skill level 1 in Fighting
  3660 | D:5      | Reached skill level 1 in Throwing
  3660 | D:5      | Reached skill level 1 in Armour
  3822 | D:5      | Found a snail-covered altar of Cheibriados.
  3844 | D:5      | Became a worshipper of Cheibriados the Contemplative
  4005 | D:5      | Found Axeesot's Book Emporium.
  4017 | D:5      | Reached XP level 8. HP: 39/54 MP: 6/12
  4126 | D:5      | Found a sand-covered staircase.
  4134 | D:5      | Reached skill level 7 in Poison Magic
  4137 | Ossuary  | Entered an ossuary
  4209 | Ossuary  | Reached skill level 2 in Fighting
  4209 | Ossuary  | Reached skill level 4 in Axes
  4209 | Ossuary  | Reached skill level 5 in Shields
  4238 | Ossuary  | Reached skill level 2 in Throwing
  4238 | Ossuary  | Reached skill level 2 in Armour
  4280 | Ossuary  | Reached * piety under Cheibriados
  4636 | D:5      | Found a white marble altar of Elyvilon.
  4783 | D:5      | Reached skill level 3 in Dodging
  4793 | D:5      | Found a hazy altar of Hepliaklqana.
  4832 | D:6      | Noticed a wyvern
  4841 | D:6      | Killed a wyvern
  4842 | D:6      | Reached skill level 3 in Fighting
  4842 | D:6      | Reached XP level 9. HP: 8/63 MP: 5/13
  5105 | D:6      | Found a burning altar of Makhleb.
  5136 | D:6      | Reached skill level 3 in Armour
  5140 | D:6      | Found Liopt's Gadget Gallery.
  5165 | D:6      | Reached skill level 3 in Throwing
  5165 | D:6      | Reached skill level 6 in Shields
  5165 | D:6      | Reached skill level 1 in Invocations
  5165 | D:6      | Reached skill level 1 in Evocations
  5399 | D:6      | Reached skill level 8 in Poison Magic
  5410 | D:6      | Found a staircase to the Ecumenical Temple.
  5458 | D:6      | Reached skill level 5 in Axes
  5520 | D:6      | Found a hide-covered altar of Uskayaw.
  5762 | D:6      | Found a stormy altar of Qazlal.
  5779 | D:7      | Found a basalt altar of Yredelemnul.
  5812 | D:7      | Reached skill level 2 in Invocations
  5814 | D:7      | Reached ** piety under Cheibriados
  5927 | D:7      | Reached skill level 2 in Evocations
  6062 | D:7      | Reached skill level 4 in Fighting
  6062 | D:7      | Found Kesibeb's Assorted Antiques.
  6070 | D:7      | Bought a scroll labelled FOWIAL FEECHEE for 28 gold pieces
  6070 | D:7      | Bought a scroll labelled OFIEBYI BOPI for 28 gold pieces
  6070 | D:7      | Bought a scroll labelled KEOKOM RUDDEMO for 28 gold pieces
  6070 | D:7      | Bought a scroll labelled OPTUTEUSEAT for 28 gold pieces
  6070 | D:7      | Bought a slimy scale mail for 252 gold pieces
  6070 | D:7      | Identified the +3 scale mail of Qozamm {Str+2 Dex+3} (You
                  | bought it in a shop on level 7 of the Dungeon)
  6320 | D:7      | Noticed Maggie
  6348 | D:7      | Killed Maggie
  6349 | D:7      | Reached skill level 4 in Armour
  6349 | D:7      | Reached skill level 4 in Dodging
  6349 | D:7      | Reached XP level 10. HP: 37/71 MP: 14/14
  6674 | D:8      | Slain by an orc warrior

Illustrated notes

Levels and vault maps discovered:
D:1:      minmay_arrival_doors, layout_rooms,
          shapermc_ecumenical_altar_mp_ritualfount
D:2:      layout_basic
D:3:      layout_basic, hangedman_decor_slide_cut, minmay_misc_feat_encased,
          kennysheep_big_empty_room
D:4:      corexii_shantytown, layout_layer_cave,
          gammafunk_temple_overflow_arena, uniq_ijyb
D:5:      layout_gridville, nicolae_hepliaklqana_hippocampus, slow_altar_1,
          elyvilon_altar_4, serial_shops, nicolae_stop_n_shop_2,
          gup_ossuary_entry_pyramid
D:6:      layout_cave_pools, kennysheep_mini_moat,
          nicolae_overflow_hidden_temple, mainiacjoe_overflow_alcove_2,
          minmay_temple_entry_glass, nicolae_shop_gadgets
D:7:      layout_loops_cross, mainiacjoe_overflow_tiny_flanked, serial_shops,
          nicolae_shop_temple_entry_statues_fountains, uniq_maggie
D:8:      layout_gridville, zin_statuary, st_stairs_14, grunt_potential

Skill      XL: |  1  2  3  4  5  6  7  8  9 |
---------------+----------------------------+-----
Axes           | 1 2 3 4 5 |  5.4
Spellcasting   | 3 |  3.0
Shields        | 1 2 3 4 5 6 |  6.8
Poison Magic   | 5 6 7 8 |  8.5
Dodging        | 2 3 4 |  4.1
Fighting       | 1 3 4 |  4.3
Throwing       | 1 2 3 |  3.9
Armour         | 1 2 4 |  4.2
Invocations    | 2 |  2.9
Evocations     | 2 |  2.7
Stealth        | |  2.4
Transmutations | |  1.1

Action                     |  1- 3 |  4- 6 |  7- 9 | 10-12 || total
---------------------------+-------+-------+-------+-------++-------
  Melee: Spear             |     7 |       |       |       ||     7
         Unarmed           |     3 |       |       |       ||     3
         War axe           |    14 |       |    53 |    25 ||    92
         Short sword       |    34 |    70 |    53 |       ||   157
         Trident           |       |    13 |   193 |       ||   206
   Cast: Sting             |    30 |    37 |    24 |     2 ||    93
         Olgreb's Toxic Ra |       |     2 |    17 |     2 ||    21
Ability: Dig               |     1 |     1 |     1 |       ||     3
  Evoke: Wand              |       |       |     2 |       ||     2
    Use: Potion            |     2 |       |     5 |       ||     7
   Stab: Sleeping          |     4 |     4 |     2 |       ||    10
         Distracted        |     1 |       |       |       ||     1
         Betrayed ally     |       |       |     1 |       ||     1
 Armour: Robe              |    16 |     5 |       |       ||    21
         Ring mail         |       |    13 |    63 |       ||    76
         Scale mail        |       |       |     3 |       ||     3
         Swamp dragon scal |       |       |       |     9 ||     9
  Dodge: Dodged            |    50 |    39 |   122 |    13 ||   224
  Block: Buckler           |     3 |    20 |    69 |    10 ||   102

Table legend: (Time is in decaauts)
 A = Elapsed time spent in this place.
 B = Non-inter-level travel time spent in this place.
 C = Inter-level travel time spent in this place.
 D = Time resting spent in this place.
 E = Time spent auto-exploring this place.
 F = Levels seen in this place.
 G = Mean time per level.
                   A        B        C        D        E       F      G
               +--------+--------+--------+--------+--------+-----+--------+
         Total |   7439 |   6993 |    446 |   1131 |   3989 |   9 |  826.6 |
       Dungeon |   7150 |   6704 |    446 |   1088 |   3909 |   8 |  893.8 |
       Ossuary |    289 |    289 |      0 |     43 |     80 |   1 |  289.0 |
               +--------+--------+--------+--------+--------+-----+--------+

Top non-repeatable levels by time:
     D:4: 1481 daAuts
     D:6: 1177 daAuts
     D:5: 1149 daAuts
     D:7: 1086 daAuts
     D:3: 1079 daAuts
     D:2: 636 daAuts
     D:1: 463 daAuts
 Ossuary: 289 daAuts
     D:8: 76 daAuts
